cohdb
Replays
Latest Replays
All Replays
Popular Replays
Top Player Replays
Match Explorer
How It Works
Community
CoH3 Stats
Reddit
Sign in to upload your games and track your stats! →
Sign in with Steam
Match 42304866
Unlisted
Match 42304866
Overview
Messages
Build Orders
End
Royal Engineer Section
Construct Section Command Post
Infantry Section
Selects Canadian Shock Battlegroup
Infantry Section
Infantry Section
Selects Attacking Spirit
Selects Canadian Shock Section
Construct Platoon Command Post
Humber Armored Car
6-pounder Anti-tank Gun Team
Construct Field Infirmary
Vickers Machine Gun Team
Selects Incendiary Munitions
Construct Company Command Post
Grenade Package
Foot Guards Section
Selects Pyrotechnics
Selects Smoke Operation
Crusader II Medium Tank
BIOHAZARD
d5h912
0
0
Comments
sign in to comment!
No comments posted yet!